[Event "44th Chess Olympiad Open 2022"]
[Site "Chennai"]
[Date "2022.08.08"]
[Round "10.20"]
[White "Mehmeti, Dritan"]
[Black "Tan, Justin"]
[Result "0-1"]
[ECO "C54"]
[WhiteElo "2371"]
[BlackElo "2508"]
[Annotator "TA"]
[PlyCount "72"]
[EventDate "2022.07.29"]
[EventType "team-tourn"]
[EventCountry "IND"]
[SourceTitle "playchess.com"]
[Source "ChessBase"]
[SourceQuality "1"]
[WhiteTeam "Albania"]
[BlackTeam "Australia"]
[WhiteTeamCountry "ALB"]
[BlackTeamCountry "AUS"]
[TimeControl "40/5400+30:1800+30"]

1. e4 e5 2. Nf3 Nc6 3. Bc4 Bc5 4. O-O Nf6 5. d3 d6 6. c3 O-O 7. h3 h6 8. Re1 a5 {[%emt 0:01:53] 8...Bb6 is setting a new trend. C54: Giuoco Piano: 4 c3 Nf6, main lines with 5 d4 and 5 d3.} 9. Nbd2 Be6 10. Bb5 Qb8 {[%emt 0:00:21] The position is equal.} 11. Nf1 Qa7 12. Re2 a4 13. Ng3 Qa5 14. Bxc6 bxc6 15. d4 {[%emt 0:00:57] [#]} Ba7 $146 ({Predecessor:} 15... Bb6 16. Be3 Rfe8 17. Qd2 exd4 18. Bxh6 dxc3 19. bxc3 Nh5 20. Bf4 f6 21. Nxh5 Qxh5 {½-½ (47) Bogner,S (2588)-Anton Guijarro,D (2647) Batumi 2018}) 16. Be3 Rfe8 17. Qd2 (17. Qc1 $11) 17... Kh7 (17... exd4 $1 $15 18. Bxd4 Nd7) 18. a3 Rab8 19. dxe5 (19. Qd3 $5 ) 19... Bxe3 20. Qxe3 dxe5 21. Rd1 Qb6 22. Qc1 ({Don't go for} 22. Nxe5 $2 Bb3 23. Rd4 (23. Qxb6 $2 Rxb6 24. Rd7 Rb7 $19) 23... Rxe5 $19) 22... Qc5 23. Nh4 Rb5 24. Nhf5 Reb8 {[%emt 0:00:43] Strongly threatening ...Qb6.} 25. Ne3 g6 26. Kh2 Ne8 27. f3 Qe7 28. Rdd2 (28. Ng4 $15) 28... Nd6 $17 29. Qd1 Bb3 30. Qe1 Qg5 31. Nh1 (31. Qf2 $1 $15) 31... Be6 {[%emt 0:01:15] Black is more active.} 32. g3 Qh5 33. g4 $1 Qg5 $36 {[%emt 0:00:01][%mdl 2048] Black has some pressure.} 34. Qg3 $2 (34. Kg1 $15) 34... Bc4 $19 35. Nxc4 Nxc4 36. h4 $2 {[%emt 0:01:57] [#]} (36. Rc2 Ne3 37. Qf2 Nxc2 38. Rxc2) 36... Nxd2 $1 {[%emt 0:00:53] Weighted Error Value: White=0.50/Black=0.11 (very precise)} 0-1

[Event "44th Chess Olympiad Open 2022"]
[Site "Chennai"]
[Date "2022.08.08"]
[Round "10.21"]
[White "Perez Ponsa, Federico"]
[Black "Siddharth, Jagadeesh"]
[Result "1/2-1/2"]
[ECO "C42"]
[WhiteElo "2554"]
[BlackElo "2426"]
[Annotator "TA"]
[PlyCount "258"]
[EventDate "2022.07.29"]
[EventType "team-tourn"]
[EventCountry "IND"]
[SourceTitle "playchess.com"]
[Source "ChessBase"]
[SourceQuality "1"]
[WhiteTeam "Argentina"]
[BlackTeam "SGP"]
[WhiteTeamCountry "ARG"]
[TimeControl "40/5400+30:1800+30"]

1. e4 e5 2. Nf3 Nf6 3. Nxe5 d6 4. Nf3 Nxe4 5. d4 d5 6. Bd3 Bd6 7. O-O O-O 8. c4 c6 9. Nc3 Nxc3 10. bxc3 dxc4 11. Bxc4 Bf5 12. Bg5 $1 {[%emt 0:01:44] 12.Bg5 is better than 12.Re1. C42: Petroff Defence: 3 Nxe5 and unusual White 3rd moves.} Qa5 13. Nh4 Be6 14. Bxe6 Qxg5 15. Nf3 Qa5 16. Bb3 Nd7 17. Qd3 Nf6 18. g3 Rae8 19. Rfe1 g6 20. Kg2 Kg7 21. h4 h6 22. Rad1 Qc7 23. c4 {[%emt 0:06:30] [#] Threatening c5.} b6 $146 {[%emt 0:25:32] Against c5} (23... Rxe1 $11 24. Rxe1 Qd8) ({Predecessor:} 23... c5 24. d5 Nh5 25. Ba4 Re7 26. Rxe7 Qxe7 27. Re1 Qf6 28. Nd2 Qxh4 29. Ne4 Qe7 {1-0 (38) Sjugirov,S (2663)-Erigaisi,A (2634) Riga 2021}) 24. Bc2 (24. Qc3 $5 ) 24... Rd8 25. h5 Nxh5 26. Nh4 Qd7 27. Qf3 ({Not} 27. Nxg6 $2 Qg4 $1 28. Ne5 (28. Re7 $2 Bxe7 29. Ne5 Nf4+ 30. Kg1 Nxd3 $19) 28... Nf4+ 29. Kg1 Nxd3 $19) 27... Nf6 28. Rh1 Qg4 29. Ba4 c5 30. Qxg4 Nxg4 31. d5 f5 ({Better is} 31... Ne5 $17 32. Rc1 Rb8) 32. Rhe1 (32. Nf3 $15) 32... Ne5 $17 33. f4 Nxc4 34. Bb3 (34. Re6 $17) 34... Na5 (34... Na3 $19 {White must now prevent ...c4.} 35. Re6 Rf6) 35. Re6 (35. Ba4 $17 {is a better defense.}) 35... Rf6 $19 36. Rxf6 Kxf6 37. Re1 c4 38. Ba4 Be7 39. Nxg6 Kxg6 40. Rxe7 Rxd5 {[%emt 0:00:26][%mdl 4096] Endgame KRB-KRN} 41. Be8+ Kf6 42. Rf7+ Ke6 43. Rxa7 {[%emt 0:00:07] aiming for Bf7+.} Rc5 {[%emt 0:04:41] ...c3 is the strong threat.} 44. Ra6 c3 {[%emt 0:03:23] And now ...c2 would win.} 45. Rxb6+ Ke7 (45... Kd5 $1 $19 {Hoping for ...c2.} 46. Bf7+ Ke4 47. Re6+ Kd3 48. Rd6+ Kc2) 46. Ba4 $17 {[%emt 0:00:07] [#]} c2 {[%emt 0:00:55] Inhibits Rb1.} ({Black should play} 46... Nc6 $1 $17 47. Kh3 {[#]} (47. Bxc6 $2 c2 $19) (47. Rxc6 $2 Rxc6 48. Bc2 Rb6 $19) 47... Rc4 $1) 47. Bxc2 $1 $15 Rxc2+ {[%emt 0:00:04] KRN-KR} 48. Kh3 Nc4 $2 (48... Rxa2 $19 {Strongly threatening ...Nc4.} 49. Rb5 Ke6 50. Rb6+ Kd5) 49. Rc6 Rc1 {[%emt 0:10:16] Threatens to win with ...Kd7.} 50. Kh2 $1 Kd7 51. Rc5 Kd6 52. Rxf5 Ne3 ({Reject} 52... Rc2+ $6 53. Kh3 $17) 53. Rh5 Ra1 54. a4 Rxa4 55. g4 Nxg4+ 56. Kg3 Ne3 57. Rxh6+ {[%emt 0:00:08] The position is equal.} Kd5 58. Rh5+ Ke4 59. Re5+ Kd4 60. Kf3 Nc4 61. Re4+ Kd5 62. Re8 Nd6 63. Re5+ Kd4 64. Re1 Ra3+ 65. Kg4 Ne4 66. Kf5 Ra5+ 67. Ke6 Nc5+ 68. Kf6 Ra6+ 69. Kf5 Nd3 70. Re4+ Kd5 71. Re8 Rd6 72. Re3 Nc5 73. Re5+ Kd4 74. Re1 Rd8 75. Rd1+ Nd3 76. Ra1 Rf8+ 77. Ke6 Nc5+ 78. Kd6 Rf6+ 79. Ke7 Rxf4 80. Rd1+ Ke5 81. Re1+ Ne4 82. Kd7 Rf6 83. Kc7 Kd5 84. Rd1+ Ke5 85. Re1 Rf2 86. Kc6 Rc2+ 87. Kb6 Kd5 88. Rd1+ Nd2 89. Rh1 Nf3 90. Rh5+ Ne5 91. Rh1 Nd7+ 92. Kb5 Rb2+ 93. Ka4 Nc5+ 94. Ka3 Rb8 95. Rh5+ Kd4 96. Rh4+ Ne4 97. Ka4 Rb1 98. Rg4 Kd5 99. Rh4 Nd2 100. Rh5+ Kd4 101. Rh4+ Ne4 102. Rg4 Kd5 103. Rh4 Nc5+ 104. Ka3 Rb3+ 105. Ka2 Rb8 106. Ka3 Nd3 107. Ka4 Nb2+ 108. Ka3 Nd1 109. Rh5+ Kc4 {[%emt 0:00:29] ( -> ...Ra8+)} 110. Rh4+ Kd3 111. Rh3+ Ne3 112. Ka4 Kc4 113. Rh4+ Kc5 114. Rh5+ Nd5 115. Ka3 Rb5 116. Rh4 Rb1 117. Rh5 Rd1 118. Kb3 Rd3+ 119. Kc2 Rg3 120. Rh8 Ne3+ 121. Kd3 Nd5+ 122. Kd2 Nf4 123. Rf8 Rd3+ 124. Kc2 Rf3 125. Rc8+ Kd4 126. Rd8+ Nd5 127. Kd2 Re3 128. Rxd5+ {[%emt 0:00:07][%mdl 64] Remove Defender} Kxd5 129. Kxe3 Ke5 {[%emt 0:00:00] And White is the lucky defender.  Weighted Error Value: White=0.13 (very precise) /Black=0.23 (precise)} 1/2-1/2

[Event "44th Chess Olympiad Open 2022"]
[Site "Chennai"]
[Date "2022.08.08"]
[Round "10.21"]
[White "Flores, Diego"]
[Black "Wong, Zhenyong Jayden"]
[Result "1-0"]
[ECO "A37"]
[WhiteElo "2528"]
[BlackElo "2163"]
[Annotator "TA"]
[PlyCount "59"]
[EventDate "2022.07.29"]
[EventType "team-tourn"]
[EventCountry "IND"]
[SourceTitle "playchess.com"]
[Source "ChessBase"]
[SourceQuality "1"]
[WhiteTeam "Argentina"]
[BlackTeam "SGP"]
[WhiteTeamCountry "ARG"]
[TimeControl "40/5400+30:1800+30"]

1. c4 c5 2. Nc3 g6 3. g3 Bg7 4. Bg2 Nc6 5. a3 d6 6. Rb1 a5 7. Nf3 e5 8. O-O Nge7 9. d3 O-O 10. Bg5 f6 11. Be3 {[%emt 0:00:35] A37: Symmetrical English vs ...g6: 4 Bg2 Bg7 5 Nf3.} Be6 12. Ne1 Rb8 {[%emt 0:21:53] has lost popularity (12...b6).} 13. Nc2 {[%emt 0:01:28] The position is equal.} Nd4 14. b4 b6 15. Bd2 Qd7 {[%emt 0:06:42] [#]} 16. bxc5 $146 ({Predecessor:} 16. Re1 axb4 17. axb4 d5 18. cxd5 Nxd5 19. Nxd5 Bxd5 20. Bxd5+ Qxd5 21. Ne3 Qe6 22. bxc5 bxc5 {½-½ (47) Unzicker,F (2302)-Schmitz,T (2196) Germany 2004}) 16... bxc5 17. Nxd4 cxd4 18. Ne4 Rb5 $2 19. Rb2 $4 (19. Rxb5 $18 {and life is good for White.} Rc8 20. Rxa5) 19... Rxb2 $19 20. Qc1 Rb1 21. Qxb1 $16 Qa4 $2 (21... Qc7 $16) 22. Nxd6 $18 Qxa3 23. Nb5 Qc5 24. Bxa5 {[%emt 0:01:54][%cal Bd2a5,Ba5c7,Bc7d6][%mdl 32] [#] Threatens to win with Bb4.} Nc6 {[%emt 0:00:45] Inhibits Bb4.} (24... Qc8 25. Bb4 Qd7) 25. Bc7 {[%emt 0:01:51] And now Bd6 would win. White is clearly winning.} Rc8 26. Bd6 Qb6 {[%emt 0:00:12] [#]} 27. Nc7 $1 Qxb1 28. Rxb1 Bd7 29. Nd5 Be8 30. Nb6 {[%emt 0:00:20] Weighted Error Value: White=0.41/Black=0.95} 1-0

[Event "44th Chess Olympiad Open 2022"]
[Site "Chennai"]
[Date "2022.08.08"]
[Round "10.21"]
[White "Gong, Qianyun"]
[Black "Tristan, Leonardo"]
[Result "1-0"]
[ECO "B40"]
[WhiteElo "2275"]
[BlackElo "2558"]
[Annotator "TA"]
[PlyCount "123"]
[EventDate "2022.07.29"]
[EventType "team-tourn"]
[EventCountry "IND"]
[SourceTitle "playchess.com"]
[Source "ChessBase"]
[SourceQuality "1"]
[WhiteTeam "SGP"]
[BlackTeam "Argentina"]
[BlackTeamCountry "ARG"]
[TimeControl "40/5400+30:1800+30"]

1. e4 c5 2. Nf3 e6 3. Nc3 Nc6 4. g3 Nf6 5. Bg2 d5 6. exd5 exd5 7. d4 $1 {[%emt 0:03:25] 7.d4 is better than 7.0-0. B40: Sicilian: 2...e6, Unusual lines.} Bg4 8. dxc5 Bxc5 9. O-O {[%emt 0:00:24] The position is equal.} O-O 10. Bg5 {[%emt 0:18:44] [#]} Ne5 $146 ({Predecessor:} 10... d4 11. Ne4 Be7 12. Bxf6 Bxf6 13. h3 Bf5 14. Nxf6+ Qxf6 15. Nd2 Rfe8 16. g4 Be6 {0-1 (35) Bondar,D (2048)-Solovchuk,A (2374) Omelnyk 2018}) 11. h3 Nxf3+ 12. Bxf3 Bxh3 {[%emt 0:00:09] [#]} 13. Nxd5 $1 Bxf1 14. Bxf6 gxf6 15. Qxf1 Qd6 16. Kg2 {[%emt 0:00:28][%mdl 1024] White has compensation.} Kh8 17. Qd3 {[%emt 0:04:25][%cal Ob2b4] Threatens to win with b4!} Rg8 18. Rh1 Rg6 19. Be4 $40 {[%emt 0:02:44][%mdl 128] White is out for blood. Dancing on a razor blade. White is more active.} Qe5 $2 {[%emt 0:00:09] A mistake that costs the game.} 20. Bxg6 $18 fxg6 21. Nf4 Rg8 {[%emt 0:07:35] [#]} 22. Qxg6 Rg7 {[%emt 0:00:05] [#]} (22... Qd5+ 23. Nxd5) 23. Qd3 {[%emt 0:00:30] Inhibits Be3. Qd8+ would kill now.} Qe8 {[%emt 0:04:53] Against Qd8} 24. Rh5 Bb6 25. Rd5 Qc6 26. c4 Bc7 27. Nh5 Re7 28. Qf3 Rf7 29. b3 a6 30. Qf5 {[%emt 0:03:47] Threatening mate with Qc8+.} Bb6 31. Nf4 Re7 32. Kf1 Bc7 33. Nh5 Re6 34. Qg4 Re7 {[%emt 0:00:08] Against Qg7+} 35. Qc8+ Re8 36. Qd7 Qxd7 37. Rxd7 {[%emt 0:00:03][%mdl 4096] Endgame KRB-KRN} Be5 38. Rxb7 Rd8 39. Rb6 a5 40. Ra6 Bc3 41. Nxf6 Rd1+ 42. Kg2 Ra1 43. Nd5 Be1 44. Re6 Rd1 45. Re2 Kg7 46. a3 Kf7 47. b4 a4 48. Nb6 Bd2 49. Nxa4 Bc1 50. Ra2 Rd3 51. Nc5 Rc3 52. Ne4 Rb3 53. b5 {[%emt 0:00:00] aiming for a4.} Bxa3 54. b6 Ke7 55. c5 {[%emt 0:00:00][%cal Oa2a3] Rxa3! is the strong threat.} Kd7 56. Rd2+ Kc8 57. Rd6 Rb4 58. Rc6+ Kd7 59. Rc7+ Kd8 60. Nd6 {[%emt 0:00:00] White mates.} Rb3 61. Rxh7 Bb2 62. c6 {[%emt 0:00:53] Weighted Error Value: White=0.14 (very precise) /Black=0.32} 1-0

[Event "44th Chess Olympiad Open 2022"]
[Site "Chennai"]
[Date "2022.08.08"]
[Round "10.22"]
[White "Quesada Perez, Yasser"]
[Black "Ferreira, Jorge Viterbo"]
[Result "1/2-1/2"]
[ECO "D02"]
[WhiteElo "2568"]
[BlackElo "2499"]
[Annotator "TA"]
[PlyCount "73"]
[EventDate "2022.07.29"]
[EventType "team-tourn"]
[EventCountry "IND"]
[SourceTitle "playchess.com"]
[Source "ChessBase"]
[SourceQuality "1"]
[WhiteTeam "Cuba"]
[BlackTeam "Portugal"]
[WhiteTeamCountry "CUB"]
[BlackTeamCountry "POR"]
[TimeControl "40/5400+30:1800+30"]

1. d4 d5 2. Bf4 Nf6 3. e3 e6 4. Nf3 Bd6 5. c3 O-O 6. Bd3 {[%emt 0:01:47] D02: 1 d4 d5 2 Nf3 sidelines, including 2...Nf6 3 g3 and 2...Nf6 3 Bf4.} b6 7. Qe2 Bxf4 8. exf4 a5 {[%emt 0:00:13] [#]} 9. O-O $146 ({Predecessor:} 9. Nbd2 Ba6 10. Ne5 c5 11. h4 Qd6 12. a3 Rc8 13. O-O Bxd3 14. Qxd3 Nc6 15. Rfe1 cxd4 16. cxd4 {1-0 (50) Balla,T (2336)-Rohit,S (2189) Budapest 2021}) 9... Ba6 10. Bxa6 Nxa6 11. Ne5 Qc8 12. Nd2 Qb7 13. h4 c5 14. h5 cxd4 15. cxd4 Rfc8 16. Rac1 Rxc1 ({Better is} 16... Nb4 $11) 17. Rxc1 $14 Rc8 18. Rc3 (18. Rxc8+ $1 $14 Qxc8 19. Qb5) 18... Rxc3 {[%emt 0:06:06] The position is equal.} 19. bxc3 Nc7 20. h6 gxh6 21. Qd3 Nce8 22. Qh3 Kg7 23. Nf1 Qe7 24. Ne3 Nd6 25. Qh4 Ng8 26. Qg4+ Kf8 27. f5 Nxf5 28. Nxf5 exf5 29. Qxf5 $11 {[%emt 0:00:06][%mdl 4096] Endgame KQN-KQN} Nf6 30. Qf4 Kg7 31. f3 Qa3 32. Qd2 Qe7 33. Qb2 Nd7 34. Nxd7 {[%emt 0:08:14] [#] aiming for Ne5.} Qe1+ 35. Kh2 Qh4+ 36. Kg1 Qe1+ 37. Kh2 {[%emt 0:00:05] Weighted Error Value: White=0.04 (flawless) /Black=0.06 (flawless)} 1/2-1/2

[Event "44th Chess Olympiad Open 2022"]
[Site "Chennai"]
[Date "2022.08.08"]
[Round "10.22"]
[White "Ortiz Suarez, Isan Reynaldo"]
[Black "Veiga, Jose Francisco R P N"]
[Result "1-0"]
[ECO "C95"]
[WhiteElo "2526"]
[BlackElo "2378"]
[Annotator "TA"]
[PlyCount "119"]
[EventDate "2022.07.29"]
[EventType "team-tourn"]
[EventCountry "IND"]
[SourceTitle "playchess.com"]
[Source "ChessBase"]
[SourceQuality "1"]
[WhiteTeam "Cuba"]
[BlackTeam "Portugal"]
[WhiteTeamCountry "CUB"]
[BlackTeamCountry "POR"]
[TimeControl "40/5400+30:1800+30"]

1. e4 e5 2. Nf3 Nc6 3. Bb5 a6 4. Ba4 Nf6 5. O-O Be7 6. Re1 b5 7. Bb3 d6 8. c3 O-O 9. h3 Nb8 10. d4 Nbd7 11. Nbd2 c5 12. Bc2 {[%emt 0:01:52] C95: Closed Ruy Lopez: Breyer Variation with 10 d4.} Re8 13. d5 c4 {[%emt 0:03:22] [#]} 14. b3 $146 {[%emt 0:01:40] White is slightly better.} ({Predecessor:} 14. Nf1 a5 15. a3 Nc5 16. Ng3 Qb6 17. Be3 Bd7 18. Nd2 Rac8 19. Qf3 Qb7 20. Nf5 Bxf5 21. Qxf5 {0-1 (41) Hristodorescu,D (2211)-Aleksandrov,A (2608) Chess.com INT 2020}) 14... cxb3 15. axb3 Qc7 16. Nb1 Bd8 17. Bd2 Qb8 18. Na3 Nb6 (18... Nf8 $11) 19. Bd3 $14 Bd7 20. Nh2 Qb7 21. Nf1 g6 22. Ne3 Nh5 23. Bf1 Ng7 24. c4 b4 25. Bxb4 Nxc4 26. Nec2 (26. Bxc4 Qxb4 27. Nac2 Qb7 $11) 26... Nxa3 27. Rxa3 a5 28. Qa1 Rc8 29. Bc3 f5 30. Ne3 fxe4 31. Bxa5 Be7 32. Bc3 {[%emt 0:04:50] Hoping for Ra7.} Ra8 {[%emt 0:00:03] Against Ra7} 33. Ba6 Qb8 34. Bc4 Rxa3 35. Qxa3 Nf5 {[%emt 0:00:31] [#]} (35... Bd8 $142) 36. Bxe5 $1 $16 Nxe3 (36... dxe5 37. d6+) 37. Rxe3 Bf8 38. Ba1 Qd8 $2 (38... Re7 39. Bf6 Re8) 39. Qb2 $18 Qh4 40. Qd4 (40. Qh8+ $142 Kf7 41. b4) 40... Re5 (40... Qh6 {might work better.} 41. f3 (41. Qh8+ Kf7 $16) 41... Ra8 42. Qh8+ Kf7 43. Qf6+ Kg8) 41. Qa7 Re7 42. Bd4 Rf7 {[%emt 0:05:20] [#]} 43. Rg3 {[%emt 0:00:00] Active counter play!} (43. Qa2 $1 $18) 43... Qe7 (43... Qf4 $16) 44. Qa8 Bf5 (44... Qh4 {was necessary.} 45. Rc3 Qh5) 45. b4 Qh4 46. Rc3 {[%emt 0:00:00] b5 is the strong threat.} e3 47. Bxe3 Rc7 48. Qa2 {[%emt 0:00:00] And now b5 would win.} Bg7 49. Rc1 {[%emt 0:00:00] aiming for b5.} Be5 $2 (49... Bxh3 50. gxh3 Qxh3) 50. Bf1 (50. b5 $142) 50... Rxc1 51. Bxc1 Qxb4 52. Qa8+ Kg7 53. Qa7+ Kg8 $2 {[%emt 0:01:13] [#]} (53... Kh8 54. Bh6 Qc5 55. Qb8+ Qc8) 54. Bh6 $1 {[%emt 0:00:00] White wants to mate with Qa8+.} Qc3 (54... g5 $142 55. Qe7 Qb8 56. Qxg5+ Bg6) 55. Qe7 Qc8 {[%emt 0:00:05] Prevents Qf8+.} 56. Bb5 {[%emt 0:00:00] Intending Be8 and mate.} Qa8 (56... g5 $142 57. Qxg5+ Kh8) 57. f4 Be4 58. fxe5 {[%emt 0:00:00][%csl Gh6][%cal Re7g7] White mates.} Qa1+ 59. Bf1 Qd4+ 60. Kh1 {[%emt 0:00:00] Weighted Error Value: White=0.24 (precise) /Black=0.45} 1-0

[Event "44th Chess Olympiad Open 2022"]
[Site "Chennai"]
[Date "2022.08.08"]
[Round "10.22"]
[White "Sousa, Andre Ventura"]
[Black "Albornoz Cabrera, Carlos Daniel"]
[Result "0-1"]
[ECO "D41"]
[WhiteElo "2420"]
[BlackElo "2566"]
[Annotator "TA"]
[PlyCount "90"]
[EventDate "2022.07.29"]
[EventType "team-tourn"]
[EventCountry "IND"]
[SourceTitle "playchess.com"]
[Source "ChessBase"]
[SourceQuality "1"]
[WhiteTeam "Portugal"]
[BlackTeam "Cuba"]
[WhiteTeamCountry "POR"]
[BlackTeamCountry "CUB"]
[TimeControl "40/5400+30:1800+30"]

1. d4 Nf6 2. c4 e6 3. Nf3 d5 4. Nc3 c5 5. cxd5 Nxd5 6. e4 Nxc3 7. bxc3 cxd4 8. cxd4 Bb4+ 9. Bd2 Bxd2+ 10. Qxd2 O-O 11. Bc4 Nd7 12. O-O b6 13. Rfe1 Bb7 14. Rad1 Rc8 {[%emt 0:00:19] D41: Queen's Gambit Declined: Semi-Tarrasch with 5 cxd5.} 15. Bd3 Nf6 16. h3 h6 {[%emt 0:00:00] [#] The position is equal.} 17. Re3 $146 ({Predecessor:} 17. Bb1 Re8 18. Re3 Qc7 19. Ne5 Red8 20. Rg3 Nh5 21. Rb3 Nf6 22. Qf4 Nh5 23. Qh4 Qxe5 24. dxe5 Rxd1+ {½-½ (61) Werle,J (2527)-Ladva,O (2500) Porto Carras 2018}) 17... Qc7 18. Bb1 b5 19. Ne5 Kh8 (19... Rfd8 $11) 20. Qb2 (20. Qb4 $14 {feels stronger.}) 20... a6 $11 21. Rde1 Qa5 22. Kf1 Kg8 23. Rg3 Nh5 24. Rf3 Rc7 25. d5 exd5 26. Ng4 $1 {[%emt 0:00:13] Threatens to win with Rf5.} g6 {[%emt 0:11:26] Inhibits Rf5.} 27. exd5 (27. Ra3 {is interesting.} Qb6 28. e5 d4 29. Qd2) 27... Bxd5 28. Bxg6 fxg6 29. Rxf8+ Kxf8 {[%emt 0:00:02] Chess con chili.} 30. Qh8+ ({Much worse is} 30. Qe5 Bg8 31. Nxh6 {[#]} Qd2 $1 $15) 30... Bg8 31. Qxh6+ Ng7 32. Qf4+ {[%emt 0:01:05][%mdl 8192] This move loses the game for White.} ({White should play} 32. Rd1 $15 Re7 33. g3) 32... Nf5 $19 {[%emt 0:00:12] [#] And now ...Bc4+ would win.} 33. Qe5 Qc3 {[%emt 0:01:34] Black is clearly winning.} ({Worse is} 33... Re7 34. Qb8+ Kf7 35. Rxe7+ Nxe7 36. Qf4+ Nf5 37. Nh6+ Kf8 38. Qb8+ Kg7 39. Qxg8+ (39. Nxg8 $2 Qc3 $19) 39... Kxh6 40. Qh8+ Kg5 41. g3 Nxg3+ 42. fxg3 $11) 34. Qe8+ Kg7 35. Rd1 (35. a3 $142) 35... Re7 36. Qd8 Bxa2 {[%emt 0:01:29] aiming for ...Bb3.} 37. Kg1 Re1+ 38. Rxe1 Qxe1+ 39. Kh2 Qe7 {[%emt 0:00:39] Inhibits Qf6+.} 40. Qa5 Qd6+ 41. Kg1 Bf7 42. Qa1+ Qd4 43. Qa5 b4 {[%emt 0:00:00] ( -> ...b3)} 44. Ne5 b3 {[%emt 0:01:19] ...b2 is the strong threat.} 45. Qc7 Nd6 {[%emt 0:00:52] Weighted Error Value: White=0.62/Black=0.05 (flawless)} 0-1

[Event "44th Chess Olympiad Open 2022"]
[Site "Chennai"]
[Date "2022.08.08"]
[Round "10.22"]
[White "Santos, Jose Guilherme B Lim"]
[Black "Almeida Quintana, Omar"]
[Result "1/2-1/2"]
[ECO "C41"]
[WhiteElo "2361"]
[BlackElo "2523"]
[Annotator "TA"]
[PlyCount "109"]
[EventDate "2022.07.29"]
[EventType "team-tourn"]
[EventCountry "IND"]
[SourceTitle "playchess.com"]
[Source "ChessBase"]
[SourceQuality "1"]
[WhiteTeam "Portugal"]
[BlackTeam "Cuba"]
[WhiteTeamCountry "POR"]
[BlackTeamCountry "CUB"]
[TimeControl "40/5400+30:1800+30"]

1. e4 d6 2. d4 Nf6 3. Nc3 e5 4. Nf3 Nbd7 5. g3 c6 6. Bg2 b5 {[%emt 0:00:13] C41: Philidor Defence.} 7. a3 Bb7 8. O-O Be7 9. Re1 O-O 10. Nh4 g6 {[%emt 0:01:17] Inhibits Nf5.} 11. h3 Re8 12. Bh6 a5 {[%emt 0:14:05] [#]} 13. d5 $146 ({Predecessor:} 13. Nf3 b4 14. Nb1 c5 15. dxe5 dxe5 {½-½ (15) Vajda,L (2617)-Nevednichy,V (2580) Albena 2013}) 13... cxd5 14. exd5 b4 15. axb4 axb4 16. Na2 Qb6 17. Qd2 $1 b3 $1 $36 {[%emt 0:05:17][%mdl 2048] White is under pressure.} 18. cxb3 (18. Nb4 $15) 18... Nc5 $17 19. Qb4 Bd8 20. Be3 (20. Qxb6 $17 Bxb6 21. Nc3) 20... Qxb4 $1 $19 (20... Bxd5 21. Bxc5 Qxc5 22. Qxc5 dxc5 23. Bxd5 Nxd5 24. Nc3 Rxa1 25. Rxa1 $15) 21. Nxb4 Ba5 $1 (21... Nxb3 22. Rxa8 Bxa8 23. Rd1 $11 (23. Nc6 Bc7 $15)) 22. Rxa5 Rxa5 23. Nc6 Bxc6 ({Inferior is} 23... Nxb3 24. Nxa5 Nxa5 25. Rd1 $15) 24. dxc6 Nxb3 25. Rd1 (25. Nf3 $142) 25... d5 26. Bg5 Kg7 ({Wrong is} 26... Ne4 $2 27. Bxe4 dxe4 28. Rd7 $19) 27. Bxf6+ Kxf6 28. Bxd5 Nd4 29. Be4 Ra4 {[%emt 0:05:47] Threatens to win with ...Ne2+.} 30. Kg2 Rc4 31. b3 Rc3 ({Weaker is} 31... Nxb3 32. Rd6+ Re6 33. Rd8 $17) 32. b4 $2 (32. Nf3 {was called for.} Nxf3 33. Bxf3) 32... Nxc6 33. b5 Nd4 34. b6 Rb3 35. b7 g5 36. Nf3 Nxf3 37. Bd5 {[%emt 0:00:31] [#]} Rb4 38. Bc6 {[%emt 0:00:27] [#]} (38. Kxf3 Rd8) 38... Nd4 $1 39. Bxe8 $17 Rxb7 {[%emt 0:00:01][%mdl 4096] Endgame KRB-KRN} 40. Bc6 Rb4 41. Be4 h5 42. Ra1 h4 43. Ra6+ Kg7 $1 44. Ra7 {[%emt 0:00:00] [#]} hxg3 ({Better is} 44... Nb5 $1 $17 45. Rb7 Rxe4 46. Rxb5 f6) 45. Bd5 $11 gxf2 46. Rxf7+ Kg6 {[%emt 0:00:00] And now ...Ne2 would win.} 47. Rxf2 Nf5 {[%emt 0:00:00] Hoping for ...Ne3+.} 48. Bf7+ Kf6 49. Bh5 Rf4 50. Ra2 e4 51. Ra5 e3 52. Bg4 Nh4+ 53. Kg3 $2 {[%emt 0:02:18][%mdl 8192] [#]} (53. Kg1 $15) 53... Rd4 $2 (53... Rf2 $1 {mates} 54. Ra6+ Ke7 55. Ra7+ Kd8 56. Ra8+ Ke7 57. Ra7+ Kd8 58. Ra8+ Ke7 59. Ra7+) 54. Ra6+ Ke5 55. Re6+ {[%emt 0:00:19] Weighted Error Value: White=0.35/Black=0.21 (precise)} 1/2-1/2